Map: 2000 Atmospheres LE

Players

evilPutty - Winner!

  • Race: Zerg Zerg
  • League: Bronze

Shrine

  • Race: Protoss Protoss

VOD

Have the link to the VOD?

Description

Time

  • Played on: April 12, 2021, 9:19 p.m.
  • Length: 14:20
Show
View Real Time Build Order
Export as new Build Order

evilPutty Zerg - Winner!

Build Orders: Hatch First 

Get SALT Encoding   

  12  0:01  Drone  
  13  0:13  Overlord  
  13  0:23  Drone  
  14  0:31  Drone  
  14  0:34  Drone  
  16  0:40  Drone  
  17  0:56  Hatchery  
  16  0:59  Drone  
  16  1:03  Drone  
  18  1:19  Spawning Pool  
  18  1:22  Drone  
  18  1:28  Drone  
  18  1:31  Overlord  
  19  1:39  Drone  
  20  1:47  Extractor  
  20  1:53  Drone  
  20  2:09  Drone  
  20  2:11  Drone  
  20  2:14  Queen x2  
  26  2:17  Drone  
  26  2:21  Drone  
  28  2:28  Drone  
  29  2:33  Drone  
  30  2:39  Drone  
  31  2:46  Drone x2  
  33  2:51  Overlord  
  33  2:57  Overlord  
  33  3:08  Drone x2  
  35  3:14  Drone  
  35  3:16  Drone  
  37  3:28  Drone x5  
  42  3:35  Roach Warren  
  42  3:38  Drone  
  42  3:39  Drone x3  
  42  3:41  Evolution Chamber  
  44  3:50  Extractor  
  44  3:51  Drone  
  44  3:52  Drone  
  44  3:53  Extractor  
  44  3:57  Drone  
  44  3:58  Drone x3  
  48  4:11  Drone, Extractor  
  48  4:21  Drone x2  
  48  4:22  Drone  
  51  4:38  Overlord x4  
  51  4:42  Hatchery  
  51  4:43  Queen  
  52  4:48  Lair  
  52  5:18  Zerg Missile Weapons Level 1  
  52  5:21  Roach x2  
  52  5:22  Roach x10  
  76  5:44  Drone x6  
  82  5:50  Hydralisk Den  
  81  6:04  Evolution Chamber  
  80  6:16  Drone  
  80  6:17  Drone, Overlord x2  
  80  6:18  Overlord x2  
  82  6:37  Zerg Ground Armor Level 1  
  82  6:47  Hydralisk x8  
  98  7:02  Drone x6  
  104  7:15  Queen  
  104  7:19  Hydralisk x4  
  114  7:23  Overlord x3  
  114  7:41  Extractor  
  113  7:44  Extractor  
  112  7:58  Drone  
  112  7:59  Drone x7  
  112  8:00  Hatchery  
  112  8:01  Drone x4  
  112  8:02  Drone  
  112  8:03  Zerg Missile Weapons Level 2  
  124  8:07  Grooved Spines  
  124  8:11  Overlord x2  
  124  8:12  Overlord x2  
  124  8:45  Hydralisk x7  
  124  8:46  Hydralisk x4  
  146  8:50  Hatchery  
  145  9:00  Drone  
  145  9:01  Drone x3  
  149  9:04  Overlord x3  
  149  9:14  Zerg Ground Armor Level 2  
  149  9:19  Muscular Augments, Hydralisk x9  
  149  9:24  Hydralisk x6  
  179  9:51  Drone x3  
  179  9:52  Drone x2  
  184  9:59  Extractor  
  183  10:02  Extractor  
  182  10:13  Hydralisk x8  
  182  10:14  Hydralisk  
  200  11:19  Infestation Pit  
  195  11:49  Hatchery  
  178  11:58  Hatchery  
  129  12:54  Hydralisk x22  
  129  12:55  Hydralisk x13  
Show
View Real Time Build Order
Export as new Build Order

Shrine Protoss 

Build Orders:  

Get SALT Encoding   

  12  0:01  Probe  
  13  0:19  Pylon  
  13  0:25  Assimilator  
  13  0:30  Assimilator  
  13  0:36  Probe  
  14  0:48  Probe  
  15  0:55  Gateway  
  15  1:00  Pylon, Probe  
  16  1:12  Probe  
  17  1:22  Forge  
  17  1:30  Pylon  
  17  1:34  Probe  
  18  1:51  Zealot  
  18  1:53  Cybernetics Core  
  20  2:32  Nexus  
  20  2:36  Probe  
  21  2:37  Warp Gate  
  21  2:47  Robotics Facility  
  21  2:57  Gateway  
  21  3:25  Probe  
  22  3:45  Probe  
  22  3:47  Pylon  
  23  3:57  Probe  
  23  3:58  Pylon  
  24  4:03  Immortal  
  24  4:09  Probe  
  29  4:18  Photon Cannon  
  29  4:21  Probe  
  30  4:33  Probe  
  30  4:34  Assimilator  
  30  4:36  Assimilator  
  31  4:41  Stalker  
  31  4:42  Immortal  
  31  4:44  Stalker  
  31  4:45  Probe  
  40  4:57  Probe  
  41  5:05  Robotics Bay  
  41  5:10  Robotics Facility  
  41  5:14  Pylon  
  41  5:18  Stalker x2  
  45  5:30  Probe  
  45  5:32  Probe  
  47  5:37  Observer  
  48  5:43  Probe  
  48  5:44  Probe  
  48  5:46  Gateway  
  48  6:10  Colossus  
  54  6:11  Nexus  
  54  6:28  Colossus  
  60  6:52  Photon Cannon  
  60  6:55  Assimilator  
  60  7:03  Stalker x2, Stargate  
  60  7:04  Stalker  
  66  7:35  Immortal  
  66  7:36  Immortal  
  74  7:40  Stalker x2  
  78  7:44  Probe  
  78  7:49  Probe  
  80  7:56  Probe  
  81  8:02  Probe  
  82  8:08  Probe  
  83  8:17  Protoss Ground Weapons Level 1  
  83  8:26  Stalker  
  85  8:27  Stalker x2  
  85  8:29  Void Ray  
  89  8:40  Pylon  
  93  8:44  Pylon  
  93  8:56  Pylon  
  93  8:58  Probe  
  93  9:01  Pylon  
  94  9:10  Probe  
  95  9:32  Stalker  
  95  9:33  Stalker x2  
  95  9:35  Probe  
  95  9:37  Probe  
  103  9:42  Pylon  
  103  9:47  Probe  
  103  9:48  Void Ray  
  104  9:56  Stargate  
  104  9:58  Stargate  
  108  10:00  Stargate  
  108  10:09  Probe  
  109  10:17  Assimilator  
  110  10:21  Probe  
  110  10:26  Protoss Ground Armor Level 1  
  110  10:31  Pylon  
  110  10:36  Void Ray  
  110  10:37  Extended Thermal Lance  
  110  10:40  Colossus  
  120  10:54  Void Ray  
  124  11:37  Nexus  
Tags
 
Add a new tag
Caveats
  • Supply blocks, unpowered buildings, or Contaminate may cause inaccurate times.
  • Supply counts are checked every 10 seconds.